 Dungeon Crawl Stone Soup version 0.31-a0-1154-gadca813884 (webtiles) character file.

Game seed: 15332579380276475511

2041 Dirtsage the Changeling (level 9, -12/61 HPs)
             Began as an Octopode Shapeshifter on Dec 7, 2023.
             Was an Initiate of Gozag.
             Mangled by a slime creature (15 damage)
             ... on level 7 of the Dungeon.
             The game lasted 00:09:38 (5791 turns).

Dirtsage the Changeling (Octopode Shapeshifter)     Turns: 5791, Time: 00:09:38

Health: -12/61     AC:  1    Str: 13    XL:     9   Next: 24%
Magic:  9/9        EV: 15    Int: 19    God:    Gozag
Gold:   235        SH:  0    Dex: 15    Spells: 8/8 levels left

rFire   . .          .
                       - Unarmed
rCold   . . .        (no shield)
rNeg    . . .        (helmet currently unavailable)
rPois   .            (no amulet)
rElec   .            C - ring of resist corrosion
rCorr   +            d - +6 ring of intelligence
SInv    .            x - +4 ring of slaying
Will    .....        (no ring)
Stlth   ++           (no ring)
HPRegen 0.30/turn    (no ring)
MPRegen 0.11/turn    (no ring)
                     (no ring)

%: no passive effects
@: beast-form, gold aura
A: beast (slay +4), almost no armour, amphibious, 8 rings, camouflage 1,
gelatinous body 1, (nimble swimmer 1), tentacles
a: Begin Untransformation, Renounce Religion, Potion Petition, Call Merchant,
Bribe Branch


You were on level 7 of the Dungeon.
You worshipped Gozag.
Gozag was aware of your devotion.
You were a hulking beast.
You visited 2 branches of the dungeon, and saw 8 of its levels.

You collected 311 gold pieces.
You paid 76 gold pieces to Gozag.

Inventory:

Jewellery
 d - a +6 ring of intelligence (right tentacle)
 x - a +4 ring of slaying (on tentacle)
 C - a ring of resist corrosion (left tentacle)
 D - a ring of fire
Talismans
 b - a beast talisman
 c - a flux talisman
Wands
 s - a wand of flame (39)
 v - a wand of polymorph (9)
Scrolls
 e - a scroll of amnesia {unknown}
 f - 4 scrolls of identify {unknown}
 g - 4 scrolls of teleportation {unknown}
 j - 3 scrolls of fog {unknown}
 u - a scroll of summoning {unknown}
 y - a scroll of blinking {unknown}
 z - a scroll of enchant weapon {unknown}
 A - a scroll of acquirement {unknown}
 B - 2 scrolls of immolation {unknown}
Potions
 a - a potion of lignification
 h - 4 potions of mutation {unknown}
 i - 3 potions of brilliance {unknown}
 k - 2 potions of magic {unknown}
 m - a potion of resistance {unknown}
 n - a potion of attraction {unknown}
 o - 2 potions of degeneration {unknown}
 p - a potion of might {unknown}
 q - 2 potions of curing
 r - 2 potions of enlightenment {unknown}
 t - a potion of haste {unknown}
 w - a potion of berserk rage {unknown}


   Skills:
 + Level 5.2 Fighting
 + Level 5.5 Dodging
 + Level 6.1 Unarmed Combat
 * Level 7.5 Shapeshifting


You had 8 spell levels left.
You didn't know any spells.
Your spell library contained the following spells:

 Spells                   Type           Power      Damage    Failure   Level
 Kiss of Death            Conj/Necr      0%         2d5       21%         1
 Blink                    Tloc           0%         N/A       30%         2
 Ensorcelled Hibernation  Hex/Ice        0%         N/A       30%         2
 Jinxbite                 Hex            0%         N/A       30%         2
 Lesser Beckoning         Tloc           0%         N/A       30%         2
 Confusing Touch          Hex            0%         N/A       52%         3
 Teleport Other           Tloc           0%         N/A       52%         3
 Anguish                  Hex/Necr       0%         N/A       90%         4
 Dispel Undead            Necr           0%         3d6       90%         4
 Manifold Assault         Tloc           0%         N/A       90%         4
 Dispersal                Tloc           0%         N/A       100%        6
 Malign Gateway           Summ/Tloc      0%         N/A       100%        7
 Disjunction              Tloc           0%         N/A       100%        8


Dungeon Overview and Level Annotations

Branches:
Dungeon (7/15)             Temple (1/1) D:6

Altars:
Ashenzari
Fedhas
Gozag
Hepliaklqana
Kikubaaqudgha
Okawaru
Qazlal
Sif Muna
Uskayaw
Xom
Yredelemnul
Zin


Innate Abilities, Weirdness & Mutations

You are a hulking beast.
Your limbs bulge with bestial killing power. (Slay +4)
You cannot wear most types of armour.
You are amphibious.
You can wear up to eight rings at the same time.
Your skin changes colour to match your surroundings (Stealth+).
Your rubbery body absorbs attacks. (AC +1, EV +1)
((You are camouflaged when in or above water. (Stealth+)))
You have tentacles for arms and can constrict up to eight enemies at once.


Message History

The slime creature is heavily wounded.
The slime creature misses you. The slime creature hits you.
You take 2 damage, and have 59/61 hp.
You tentacle-slap the slime creature.
The slime creature is heavily wounded.
The slime creature closely misses you.
You bludgeon the slime creature! You tentacle-slap the slime creature!
The slime creature is almost dead.
The slime creature hits you! x2
You take 24 damage, and have 35/61 hp.
MASSIVE DAMAGE!!
You bludgeon the slime creature!
You kill the slime creature!
The slime creature hits you.
You take 4 damage, and have 31/61 hp.
You tentacle-slap the slime creature.
The slime creature is lightly wounded.
The slime creature hits you!
* * * LOW HITPOINT WARNING * * *
You take 17 damage, and have 14/61 hp.
MASSIVE DAMAGE!!
You barely miss the slime creature. The slime creature hits you!
* * * LOW HITPOINT WARNING * * *
You take 10 damage, and have 4/61 hp.
You feel much better. The slime creature barely misses you.
You regained 26 hp, and now have 30/61 hp.
You bludgeon the slime creature!
You squeeze the slime creature, but do no damage.
The slime creature is lightly wounded.
The slime creature hits you!
* * * LOW HITPOINT WARNING * * *
You take 16 damage, and have 14/61 hp.
MASSIVE DAMAGE!!
You bludgeon the slime creature!
The slime creature is moderately wounded.
The slime creature hits you!
* * * LOW HITPOINT WARNING * * *
You take 11 damage, and have 3/61 hp.
You bludgeon the slime creature! You squeeze the slime creature!
The slime creature is severely wounded.
The slime creature hits you!
You die...
Your body crumbles into a pile of gold.

#.....#...#......#
#.....#...#......##
#.....'...#.......#
#....######.......#
#....#............#
#....#............#
#....#............#
#....#............#
#....'hJ..........#
#....#.$..........#
#....#.....########
#....#.....#.......
######.....'^......
+.....#......J
#.....#.......
#.....####+##+
#......


You could see a slime creature.

Vanquished Creatures
  A slime creature (D:7)
  Sigmund (D:3)
  A black bear (D:6)
  An ice beast (D:6)
  A sky beast (D:7)
  An ogre (D:6)
  4 phantoms
  2 bullfrogs (D:6)
  3 scorpions
  A howler monkey (D:6)
  3 hounds
  3 jellies
  3 sleepcaps
  A gnoll bouda (D:5)
  2 iguanas
  An orc priest (D:5)
  Ijyb (D:3)
  Natasha (thrice) (D:2)
  8 gnolls (D:5)
  9 adders
  A shadow imp (D:5)
  A white imp (D:5)
  2 worms
  A dart slug (D:3)
  10 orcs
  6 endoplasms
  3 giant cockroaches
  9 goblins
  7 hobgoblins
  8 jackals
  3 quokkas
  10 ball pythons
  2 bats (D:1)
  5 frilled lizards
  4 kobolds
  6 rats
128 creatures vanquished.

Notes
Turn   | Place    | Note
-------+----------+-------------------------------------------
     0 | D:1      | Dirtsage the Octopode Shapeshifter began the quest for the
                  | Orb.
     0 | D:1      | Reached XP level 1. HP: 13/13 MP: 1/1
   156 | D:1      | Reached XP level 2. HP: 16/18 MP: 2/2
   712 | D:2      | Found a faded altar of an unknown god.
   723 | D:2      | Reached XP level 3. HP: 23/23 MP: 3/3
   729 | D:2      | Noticed Natasha
   743 | D:2      | Killed Natasha
   919 | D:2      | Reached XP level 4. HP: 22/29 MP: 4/4
   958 | D:2      | Noticed Natasha
   966 | D:2      | Killed Natasha
  1092 | D:2      | Noticed Natasha
  1099 | D:2      | Killed Natasha
  1402 | D:2      | Reached XP level 5. HP: 34/34 MP: 5/5
  1468 | D:3      | Reached skill level 4 in Shapeshifting
  1794 | D:3      | Noticed Sigmund
  1815 | D:3      | Killed Sigmund
  1816 | D:3      | Reached XP level 6. HP: 28/41 MP: 6/6
  1961 | D:3      | Noticed Ijyb
  1970 | D:3      | Killed Ijyb
  2679 | D:4      | Reached skill level 5 in Shapeshifting
  2679 | D:4      | Reached XP level 7. HP: 46/46 MP: 7/7
  2749 | D:4      | Got the Volume of Shifting
  3049 | D:5      | Entered Level 5 of the Dungeon
  3384 | D:5      | HP: 2/46 [gnoll/+0 spear (4)]
  3535 | D:5      | Identified the +3 broad axe of Wariness {venom, rElec
                  | Dex+5}
  3801 | D:5      | Reached XP level 8. HP: 54/54 MP: 8/8
  3981 | D:5      | Found an iron altar of Okawaru.
  4083 | D:5      | Reached skill level 5 in Unarmed Combat
  4083 | D:5      | Reached skill level 6 in Shapeshifting
  4677 | D:6      | Reached skill level 5 in Dodging
  5199 | D:6      | Found a staircase to the Ecumenical Temple.
  5211 | D:6      | Reached skill level 7 in Shapeshifting
  5218 | Temple   | Entered the Ecumenical Temple
  5223 | Temple   | Became a worshipper of Gozag Ym Sagoz the Greedy
  5435 | D:6      | Reached XP level 9. HP: 50/60 MP: 9/9
  5568 | D:6      | Reached skill level 5 in Fighting
  5790 | D:7      | HP: 3/61 [slime creature (11)]
  5791 | D:7      | Mangled by a slime creature

Illustrated notes

Levels and vault maps discovered:
D:1:      hellmonk_arrival_library, layout_basic
D:2:      layout_loops_ring, nicolae_ecumenical_snake_handling, uniq_natasha
D:3:      layout_loops_ring, uniq_sigmund, uniq_ijyb
D:4:      layout_rooms
D:5:      layout_basic, kennysheep_okawaru_gauntlet, serial_glass,
          glass_columns_a, glass_columns_c
D:6:      layout_layer_cave, temple_hall
D:7:      layout_gridville, chequers_ossuary_entry_cave, hellmonk_no_cap
Temple:   minmay_freezing_vapour_temple

Skill      XL: |  1  2  3  4  5  6  7  8  9 |
---------------+----------------------------+-----
Fighting       | 2 3 4 5 |  5.2
Shapeshifting  | 4 5 7 |  7.5
Dodging        | 3 4 5 |  5.5
Unarmed Combat | 4 5 6 |  6.1

Action                     |  1- 3 |  4- 6 |  7- 9 || total
---------------------------+-------+-------+-------++-------
  Melee: Unarmed           |    43 |   106 |   157 ||   306
         Constrict         |    12 |    22 |    31 ||    65
         Tentacles         |     9 |    30 |    42 ||    81
         Punch             |       |     3 |     5 ||     8
  Evoke: Wand              |       |       |     9 ||     9
    Use: Potion            |       |     2 |     6 ||     8
   Stab: Sleeping          |     4 |     4 |     2 ||    10
 Armour: Skin              |    20 |    50 |    72 ||   142
  Dodge: Dodged            |    33 |    36 |    87 ||   156

Table legend: (Time is in decaauts)
 A = Elapsed time spent in this place.
 B = Non-inter-level travel time spent in this place.
 C = Inter-level travel time spent in this place.
 D = Time resting spent in this place.
 E = Time spent auto-exploring this place.
 F = Levels seen in this place.
 G = Mean time per level.
                   A        B        C        D        E       F      G
               +--------+--------+--------+--------+--------+-----+--------+
         Total |   5763 |   5674 |     89 |    352 |   4335 |   8 |  720.4 |
       Dungeon |   5752 |   5663 |     89 |    352 |   4335 |   7 |  821.7 |
        Temple |     10 |     10 |      0 |      0 |      0 |   1 |   10.0 |
               +--------+--------+--------+--------+--------+-----+--------+

Top non-repeatable levels by time:
     D:6: 1379 daAuts
     D:5: 1229 daAuts
     D:3: 956 daAuts
     D:2: 830 daAuts
     D:4: 634 daAuts
     D:1: 612 daAuts
     D:7: 110 daAuts
  Temple: 10 daAuts
